 Dungeon Crawl Stone Soup version 0.32-a0-43-g058985b245 (webtiles) character file.

Game seed: 9944954878244568275

44 Ceno the Sneak (level 3, -1/19 HPs)
             Began as a Vampire Enchanter on Feb 4, 2024.
             Slain by a goblin
             ... wielding a +0 dagger
             ... led by Robin
              (4 damage)
             ... on level 2 of the Dungeon.
             The game lasted 00:05:24 (1655 turns).

Ceno the Sneak (Vampire Enchanter)                  Turns: 1655, Time: 00:05:24

Health: -1/19      AC:  0    Str:  5 (7)  XL:     3   Next: 41%
Magic:  3/7        EV: 19    Int: 17 (19) God:
Gold:   76         SH:  0    Dex: 17 (19) Spells: 2/7 levels left

rFire   . . .        a - melded +1 dagger
rCold   + + .        (shield currently unavailable)
rNeg    + + +        g - melded +0 leather armour
rPois   ∞            (helmet currently unavailable)
rElec   .            (cloak currently unavailable)
rCorr   .            (gloves currently unavailable)
SInv    +            (boots currently unavailable)
Will    .....        (no amulet)
Stlth   +++++        (ring currently unavailable)
HPRegen 0.00/turn    (ring currently unavailable)
MPRegen 0.10/turn

%: no passive effects
@: about to teleport, bat-form, flying, bloodless, inhibited regen, very quick
A: fast, flying, no casting, tiny, bloodless, fangs 3, see invisible, vampiric 2
a: Revivify, End Transformation


You were on level 2 of the Dungeon.
You were a vampire bat.
You visited 1 branch of the dungeon, and saw 2 of its levels.

You collected 76 gold pieces.

Inventory:

Hand Weapons
 a - a +1 dagger (melded)
Missiles
 d - 20 stones (quivered)
Armour
 g - a +0 leather armour (melded)
Jewellery
 i - a +5 ring of evasion
Scrolls
 f - a scroll of noise {unknown}
 h - a scroll of immolation
Potions
 c - 2 potions of invisibility
 e - a potion of attraction {unknown}


   Skills:
 - Level 1.1 Short Blades
 - Level 2.1 Dodging
 + Level 5.1 Stealth
 * Level 2.9 Spellcasting
 + Level 5.0 Hexes


You had 2 spell levels left.
You knew the following spells:

 Your Spells              Type           Power      Damage    Failure   Level
a - Ensorcelled Hibernat  Hex/Ice        22%        N/A       10%         2
b - Confusing Touch       Hex            19%        N/A       7%          3

Your spell library contained the following spells:

 Spells                   Type           Power      Damage    Failure   Level
 Tukima's Dance           Hex            19%        N/A       7%          3
 Dazzling Flash           Conj/Hex       22%        N/A       19%         3


Dungeon Overview and Level Annotations

Branches:
Dungeon (2/15)

Altars:
Hepliaklqana

Annotations:
D:2 Robin


Innate Abilities, Weirdness & Mutations

You are a vampire bat.
You are tiny and dextrous.
You move quickly.
You are flying.
You are immune to poison.
Your equipment is almost entirely melded.
You are incapable of wielding weapons or throwing items.
You cannot cast spells.
You do not regenerate when monsters are visible.
You are frail without blood (-20% HP).
You can heal yourself when you bite living creatures.
You are immune to poison.
You have razor-sharp teeth.
You have supernaturally acute eyesight. (SInv)
You are afflicted with vampirism and can become a bat while bloodless.


Message History

You hit the goblin but do no damage.
The goblin appears confused.
The goblin is heavily wounded.
Robin roars a battlecry!
You hit the goblin.
You kill the goblin!
Robin throws the goblin at you! The goblin barely misses you.
A goblin comes into view. It is wielding a +0 dagger.
The goblin shouts!
The goblin attacks as it pursues you! The goblin hits you with a +0 dagger.
A frilled lizard comes into view.
The goblin hits you but does no damage. The goblin attacks as it pursues you!
The goblin closely misses you.
You turn into a vampire bat.
Your +1 dagger melds into your body.
Your +0 leather armour melds into your body.
You feel weakened.
You feel dopey.
You feel clumsy. The goblin misses you.
The goblin no longer looks unusually strong.
Found a cabochon ring.
A goblin comes into view. It is wielding a +0 dagger.
You see here a +5 ring of evasion.
i - a +5 ring of evasion A hobgoblin comes into view.
The goblin attacks as it pursues you! The goblin hits you with a +0 dagger.
A hobgoblin comes into view.
You barely miss the goblin.
The goblin shouts!
The goblin hits you with a +0 dagger.
You hit the goblin.
The goblin is heavily wounded.
The goblin hits you with a +0 dagger.
* * * LOW HITPOINT WARNING * * *
As you read the scroll labelled JEGETO RARYIM, it crumbles to dust.
The creatures around you are filled with an inner flame!
It was a scroll of immolation.
The goblin hits you with a +0 dagger.
* * * LOW HITPOINT WARNING * * *
As you read the scroll labelled ROISUF YSEAT, it crumbles to dust.
You feel strangely unstable.
It was a scroll of teleportation.
The goblin hits you with a +0 dagger.
You die...

.#.# .. .#.# ##.## .#.#
..g# #########
.#.########..# #...g...#
.#<....... ..#.#g##.#..#
.#.#########.#.#.##g#..#
##.# #g.#.#g##.#..# #.#
#.##.#g##g#..#
#.########)##g#b##g#..#
#........#.##.#g##.#g.#
#########.#....#.##g#..#
........#...g.....g.#l.#
######.##..............#
#....####.######.##
####.# #.gg...g.# #.#
#.######## ### ###


You could see Robin (inner flame) and 3 goblins.

Vanquished Creatures
  A dart slug (D:2)
  2 ball pythons (D:2)
  5 endoplasms
  A giant cockroach (D:1)
  4 hobgoblins
  7 jackals (D:2)
  2 kobolds (D:1)
  2 bats (D:1)
  2 frilled lizards
  6 goblins
  2 rats
34 creatures vanquished.

Notes
Turn   | Place    | Note
-------+----------+-------------------------------------------
     0 | D:1      | Ceno the Vampire Enchanter began the quest for the Orb.
     0 | D:1      | Reached XP level 1. HP: 13/13 MP: 3/3
   428 | D:1      | Reached XP level 2. HP: 19/19 MP: 5/5
   434 | D:1      | Learned a level 2 spell: Ensorcelled Hibernation
  1139 | D:2      | Found a hazy altar of Hepliaklqana.
  1246 | D:2      | Reached skill level 5 in Stealth
  1249 | D:2      | Gained mutation: You are afflicted with vampirism and can
                  | become a bat while bloodless. [Vampire growth]
  1249 | D:2      | Reached XP level 3. HP: 19/19 MP: 7/7
  1284 | D:2      | Learned a level 3 spell: Confusing Touch
  1372 | D:2      | Reached skill level 5 in Hexes
  1434 | D:2      | Noticed Robin
  1655 | D:2      | Slain by a goblin

Illustrated notes

Levels and vault maps discovered:
D:1:      dpeg_arrival_leaves_temple_mockup, layout_basic, minivault_4
D:2:      layout_basic, basic_altar, shapermc_ecumenical_altar_acropolis,
          uniq_robin

Skill      XL: |  1  2  3 |
---------------+----------+-----
Stealth        | 5 |  5.1
Hexes          | 5 |  5.0
Short Blades   | |  1.1
Dodging        | |  2.1
Spellcasting   | |  2.9

Action                     || total
---------------------------++-------
  Melee: Dagger            ||    95
         Bite              ||     5
         Unarmed           ||     2
         Punch             ||     1
  Throw: Stone             ||     1
   Cast: Ensorcelled Hiber ||     8
         Confusing Touch   ||     4
Ability: Exsanguinate      ||     1
         Bat Form          ||     1
    Use: Scroll            ||     2
   Stab: Sleeping          ||    19
 Armour: Robe              ||     9
         Leather armour    ||    21
         Skin              ||     5
  Dodge: Dodged            ||    40

Table legend: (Time is in decaauts)
 A = Elapsed time spent in this place.
 B = Non-inter-level travel time spent in this place.
 C = Inter-level travel time spent in this place.
 D = Time resting spent in this place.
 E = Time spent auto-exploring this place.
 F = Levels seen in this place.
 G = Mean time per level.
                   A        B        C        D        E       F      G
               +--------+--------+--------+--------+--------+-----+--------+
         Total |   1640 |   1597 |     43 |     18 |   1067 |   2 |  820.0 |
       Dungeon |   1640 |   1597 |     43 |     18 |   1067 |   2 |  820.0 |
               +--------+--------+--------+--------+--------+-----+--------+

Top non-repeatable levels by time:
     D:1: 1161 daAuts
     D:2: 479 daAuts
